 Dungeon Crawl Stone Soup version 0.30-a0-972-gf3ab3527aa (webtiles) character file.

Game seed: 14936057254854315664

103733 senseless the Warrior (level 15, -24/118 (141) HPs)
             Began as a Demonspawn Monk on Mar 31, 2023.
             Was the Champion of Makhleb.
             Killed from afar by Mara (illusionary) (26 damage)
             ... with a bolt of fire
             ... on level 3 of the Swamp.
             The game lasted 01:24:35 (24389 turns).

senseless the Warrior (Demonspawn Monk)            Turns: 24389, Time: 01:24:35

HP:   -24/118 (141) AC: 14    Str: 24    XL:     15   Next: 89%
MP:   21/21         EV: 22    Int: 11    God:    Makhleb [******]
Gold: 1175          SH:  0    Dex: 20    Spells: 14/14 levels left

rFire   + . .      SeeInvis .    a - +7 flail (heavy)
rCold   + . .      Faith    +    d - orb {light}
rNeg    . . .      Spirit   .    q - +3 robe of Clouds {*Thunder rCloud rElec}
rPois   +          Reflect  .    I - +2 hat {Will+}
rElec   +          Rampage  .    Q - scarf {repulsion}
rCorr   .          Clarity  +    o - +2 pair of gloves
Will    +....                    (no boots)
Stlth   +                        R - amulet of Red Wine {Faith rElec rPois Dex+3}
HPRegen 0.39/turn                B - ring of poison resistance
MPRegen 0.17/turn                U - ring of Udal {+Blink rC+ Will- Str+6 Slay+2}

@: marked, glowing, heavily drained, repel missiles
A: hooves 2, molten scales 3, foul stench 1, spiny 3, corrupting presence 1,
clarity, robust 1, noise suppression
a: Renounce Religion, Evoke Blink, Minor Destruction, Lesser Servant of Makhleb,
Major Destruction, Greater Servant of Makhleb


You were on level 3 of the Swamp.
You worshipped Makhleb.
Makhleb was exalted by your worship.
You visited 3 branches of the dungeon, and saw 22 of its levels.
You also visited: Sewer and Gauntlet.

You collected 1472 gold pieces.
You spent 297 gold pieces at shops.

Inventory:

Hand Weapons
 a - a +7 heavy flail (weapon)
 b - a +0 heavy sling
 M - a +1 eveningstar of venom
Armour
 d - an orb of light (worn)
 m - a +0 cloak
 o - a +2 pair of gloves (worn)
 q - the +3 robe of Clouds (worn) {*Thunder rCloud rElec}
   (You bought it in a shop on level 4 of the Dungeon)

   *Thunder:  It occasionally creates storm clouds above nearby enemies.
   rCloud:    It grants its wearer immunity to clouds.
   rElec:     It insulates you from electricity.
 A - a +2 buckler
 I - a +2 hat of willpower (worn)
 O - the +2 pair of boots of the Trombone {rElec rF+ rN+}
   (You found it on level 1 of the Swamp)

   rF:        It protects you from fire.
   rElec:     It insulates you from electricity.
   rN:        It protects you from negative energy.
 Q - a scarf of repulsion (worn)
 Z - +0 swamp dragon scales
Jewellery
 p - a ring of positive energy
 r - a ring of protection from fire
 B - a ring of poison resistance (left hand)
 P - a ring of resist corrosion
 R - the amulet of Red Wine (around neck) {Faith rElec rPois Dex+3}
   (You found it in a Gauntlet)

   [amulet of faith]

   It allows you to gain divine favour quickly.
   Dex:       It affects your dexterity (+3).
   rElec:     It insulates you from electricity.
   rPois:     It protects you from poison.
 U - the ring of Udal (right hand) {+Blink rC+ Will- Str+6 Slay+2}
   (You found it in a Gauntlet)

   [ring of strength]

   Str:       It affects your strength (+6).
   Slay:      It affects your accuracy & damage with ranged weapons and melee
   (+2).
   rC:        It protects you from cold.
   +Blink:    It lets you blink.
   Will:      It decreases your willpower.
 V - the ring of Soqijac {Wiz rC+ rN+}
   (You found it in a Gauntlet)

   [ring of wizardry]

   It improves your spell success rate.
   rC:        It protects you from cold.
   rN:        It protects you from negative energy.
 X - an amulet of regeneration
Wands
 e - a wand of iceblast (9)
 y - a wand of flame (50)
 C - a wand of polymorph (20)
 D - a wand of mindburst (31)
 F - a wand of acid (22)
 J - a wand of charming (16)
 K - a wand of digging (13)
Scrolls
 i - 8 scrolls of teleportation
 k - 3 scrolls of blinking
 l - 4 scrolls of vulnerability
 u - 3 scrolls of brand weapon
 G - 6 scrolls of amnesia
 H - 3 scrolls of silence
 L - 2 scrolls of fog
 S - a scroll of fear
 W - 2 scrolls of poison
 Y - 5 scrolls of identify
Potions
 c - 3 potions of ambrosia
 f - 7 potions of cancellation
 g - 4 potions of might
 h - 3 potions of mutation
 j - 5 potions of brilliance
 n - 18 potions of curing
 s - 6 potions of attraction
 t - 3 potions of haste
 v - 4 potions of flight
 w - 4 potions of heal wounds
 x - 2 potions of invisibility
 z - 3 potions of resistance
 E - 3 potions of lignification
 N - a potion of berserk rage
 T - 3 potions of magic


   Skills:
 + Level 15.1 Fighting
 + Level 13.9 Maces & Flails
 - Level 11.5 Ranged Weapons
 + Level 13.9 Dodging
 - Level 1.7 Stealth
 * Level 9.1 Invocations


You had 14 spell levels left.
You didn't know any spells.
Your spell library contained the following spells:

 Spells                   Type           Power      Damage    Failure   Level
 Apportation              Tloc           0%         N/A       34%         1
 Beastly Appendage        Tmut           0%         N/A       34%         1
 Magic Dart               Conj           0%         1d3       34%         1
 Necrotise                Necr           0%         1d4       34%         1
 Summon Small Mammal      Summ           0%         N/A       34%         1
 Ensorcelled Hibernation  Hex/Ice        0%         N/A       47%         2
 Passwall                 Tmut/Erth      0%         N/A       47%         2
 Searing Ray              Conj           0%         2d4       47%         2
 Sublimation of Blood     Necr           0%         N/A       47%         2
 Wereblood                Tmut           0%         N/A       47%         2
 Gell's Gravitas          Tloc           0%         N/A       71%         3
 Inner Flame              Hex/Fire       0%         N/A       71%         3
 Spider Form              Tmut/Pois      0%         N/A       71%         3
 Summon Guardian Golem    Hex/Summ       0%         N/A       71%         3
 Swiftness                Air            0%         N/A       71%         3
 Teleport Other           Tloc           0%         N/A       71%         3
 Airstrike                Air            0%         2d(0-16)  98%         4
 Flame Wave               Conj/Fire      0%         2d4       98%         4
 Fulminant Prism          Conj/Hex       0%         3d5       98%         4
 Sticky Flame             Conj/Fire      0%         2d3       98%         4
 Summon Lightning Spire   Summ/Air       0%         N/A       98%         4
 Fireball                 Conj/Fire      0%         3d3       100%        5
 Iskenderun's Battlesphe  Conj           0%         2d6       100%        5
 Plasma Beam              Fire/Air       0%         2x1d7     100%        5
 Conjure Ball Lightning   Conj/Air       0%         3x3d6     100%        6
 Dispersal                Tloc           0%         N/A       100%        6
 Malign Gateway           Summ/Tloc      0%         N/A       100%        7
 Orb of Destruction       Conj           0%         9d5       100%        7
 Summon Hydra             Summ           0%         N/A       100%        7
 Summon Horrible Things   Summ           0%         N/A       100%        8
 Chain Lightning          Conj/Air       0%         N/A       100%        9
 Fire Storm               Conj/Fire      0%         5d1       100%        9
 Polar Vortex             Ice            0%         N/A       100%        9
 Shatter                  Erth           0%         3d5*      100%        9


Dungeon Overview and Level Annotations

Branches:
Dungeon (14/15)            Temple (0/1) D:7            Lair (5/5) D:11
  Swamp (3/4) Lair:2        Snake (0/4) Lair:2        Slime (0/5) Lair:5
    Orc (0/2) D:12          Sewer (visited)         Gauntlet (visited)
 Vaults: D:13-14

Altars:
Dithmenos
Gozag
Kikubaaqudgha
Makhleb
Nemelex Xobeh
Okawaru
Qazlal
Ru
Sif Muna
Uskayaw
Xom
Jiyva

Shops:
D:4 [

Annotations:
D:8 2 runed translucent doors, vineage's ghost, novice GrFi
Swamp:2 1 runed translucent door, steamdo11's ghost, journeyman FeSu
Swamp:3 Mara


Innate Abilities, Weirdness & Mutations

You have hoof-like feet.
You are completely covered in molten scales. (AC +4, rF+)
You may rarely emit foul miasma when damaged in melee.
You are completely covered in sharp spines.
Your presence sometimes corrodes those you injure.
You possess an exceptional clarity of mind.
You are robust. (+10% HP)
You passively dampen the noise of your surroundings.


Message History

Mara hits you with a +5 demon blade of draining.
You feel drained.
You bludgeon Mara!! You kick Mara, but do no damage.
Mara is heavily wounded.
Storm clouds gather above Mara.
Mara blinks!
Mara is engulfed in a thunderstorm.
Your corrupting presence corrodes Mara!
Mara says, "I mislead the hearts of men!"
Mara blinks!
Mara gestures at you. The bolt of fire hits you! You resist.
The mangrove smoulders and burns.
Mara is struck by your spines. Mara misses you.
You completely miss Mara. Your kick misses Mara.
Mara is moderately wounded.
Mara growls.
Mara misses you. Mara gestures at you. The bolt of fire misses you.
The mangrove smoulders and burns.
You barely miss Mara. Your kick misses Mara.
Mara is moderately wounded.
Storm clouds gather above Mara.
Mara says, "What good are steel and magic against my illusions?"
Mara blinks!
Mara is engulfed in a thunderstorm.
Mara hits you with a +5 demon blade of draining!!
* * * LOW HITPOINT WARNING * * *
You feel drained.
* * * LOW HITPOINT WARNING * * *
Mara is struck by your spines.
Mara seems to be corroded for longer.
Mara misses you. Senseless's illusion hits you!
* * * LOW HITPOINT WARNING * * *
You hit Mara but do no damage. You kick Mara!
Mara is almost dead.
Storm clouds gather above Mara.
Mara is engulfed in a thunderstorm.
Mara is struck by your spines.
Mara hits you with a +5 demon blade of draining!
* * * LOW HITPOINT WARNING * * *
You feel drained.
* * * LOW HITPOINT WARNING * * *
Mara gestures at you. The bolt of fire hits you!! You resist.
You die...

♣♣ .♣ ...~♣♣♣ ♣♣ §.~~.♣♣ [♣
.♣..~♣ ~. ...<♣♣♣♣ .. §~~
~~~.☼§♣♣♣♣ ..
~~~.##§@.♣♣?..♣♣ .~
~.~.#R@R...~~..♣ ~~
....!§......~~.♣ ~~
.....#.....~~.♣♣ ~~ ....
#...~...#♣♣ .~ .~♣
#.......#.♣♣ ~♣
♣♣♣.[###.#####..♣♣ ♣♣
........^.......~♣ ♣ ♣♣♣♣♣
~...~..~~...♣~.~~.♣
♣♣♣~..♣.~§.....~♣♣♣♣♣♣~~~~♣


You could see 2 Maras and senseless's illusion.

Vanquished Creatures
  A tentacled monstrosity (Swamp:2)
  Gastronok (D:9)
  Nessos (Lair:5)
  A dire elephant (Lair:4)
  2 eleionomae
  3 bunyips
  A minotaur (Gauntlet)
  A fire dragon (Lair:5)
  Josephine (Lair:5)
  A shambling mangrove (Swamp:2)
  The ghost of Pyga the Thaumaturge, a journeyman DrCj of Sif Muna (Lair:3)
  Fannar (D:10)
  7 hydras
  Harold (D:9)
  5 ghost crabs
  A vault guard (D:14)
  3 catoblepae
  4 boulder beetles
  13 alligators
  3 tengu warriors (D:14)
  4 two-headed ogres
  Urug (D:10)
  Sonja (Lair:1)
  2 spectral death yaks (Lair:3)
  2 skysharks
  3 goliath frogs
  2 spriggan druids (Swamp:2)
  A spectral hydra (Lair:3)
  A lindwurm (Lair:5)
  2 swamp dragons (Swamp:2)
  5 bog bodies
  2 deep elf pyromancers
  An orc sorcerer (D:12)
  5 ugly things
  5 cyclopes
  A manticore (D:14)
  21 elephants
  4 black mambas (Lair:5)
  2 gargoyles (Gauntlet)
  Maurice (D:9)
  15 cane toads
  2 molten gargoyles (Lair:5)
  An unseen horror (D:10)
  A torpor snail (shapeshifter) (Gauntlet)
  2 rime drakes
  3 kobold demonologists
  15 komodo dragons
  An efreet (D:13)
  6 trolls
  A bloated husk (Swamp:2)
  6 tyrant leeches
  8 blink frogs
  5 polar bears
  Grinder (D:3)
  7 hornets
  5 slime creatures (D:12)
  2 centaur simulacra (Gauntlet)
  A spectral black mamba (Lair:3)
  10 spriggans
  3 shadows (D:12)
  7 wyverns
  3 wraiths (Lair:5)
  A vampire (D:11)
  61 yaks
  6 basilisks
  A steam dragon (Lair:5)
  3 vampire mosquitoes (Swamp:1)
  A death yak simulacrum (Lair:3)
  A redback (shapeshifter) (Gauntlet)
  Menkaure (D:6)
  A two-headed ogre zombie (D:12)
  A naga (shapeshifter) (Gauntlet)
  13 swamp worms
  3 acid dragons
  3 nagas (Lair:2)
  5 hell hounds (Lair:5)
  8 water moccasins
  2 sky beasts
  A meliai simulacrum (Gauntlet)
  4 orc warriors
  A swamp drake (Swamp:1)
  An ice beast (D:7)
  A black bear (D:5)
  8 wolves
  3 centaurs
  A phantom (D:12)
  8 bullfrogs
  5 kobold brigands
  A gnoll sergeant (D:9)
  5 scorpions
  8 wights
  A hornet simulacrum (Gauntlet)
  A troll zombie (D:12)
  A dream sheep simulacrum (Lair:3)
  6 killer bees (D:9)
  2 electric eels
  4 lava snakes (Lair:5)
  3 jellies
  3 hounds
  A gnoll bouda (D:7)
  6 orc priests
  2 sleepcaps (D:5)
  Natasha (thrice) (D:2)
  5 iguanas
  14 orc wizards
  Terence (D:3)
  6 ogre zombies (D:12)
  Robin (D:4)
  17 gnolls
  A gnoll zombie (D:4)
  14 orc zombies
  2 river rats (Sewer)
  10 adders
  A shadow imp (D:7)
  A white imp (D:7)
  2 ufetubi (D:6)
  A worm (D:2)
  2 dart slugs
  48 orcs
  3 bats (D:1)
  8 endoplasms
  4 giant cockroaches
  12 goblins
  8 hobgoblins
  2 jackals (D:1)
  6 quokkas
  9 ball pythons
  6 frilled lizards
  A goblin skeleton (D:12)
  A goblin zombie (D:12)
  3 hobgoblin skeletons (D:12)
  2 hobgoblin zombies (D:12)
  23 kobolds
  5 orc skeletons (D:12)
  21 rats
654 creatures vanquished.

Vanquished Creatures (others)
  A spriggan (Swamp:2)
  A hornet (Swamp:2)
  9 fungi
  9 plants
20 creatures vanquished.

Grand Total: 674 creatures vanquished

Notes
Turn   | Place    | Note
-------+----------+-------------------------------------------
     0 | D:1      | senseless the Demonspawn Monk began the quest for the Orb.
     0 | D:1      | Reached XP level 1. HP: 18/18 MP: 1/1
   377 | D:1      | Gained mutation: You have large cloven feet. [demonic
                  | ancestry]
   377 | D:1      | Reached XP level 2. HP: 24/24 MP: 2/2
  1108 | D:2      | Gained mutation: You are partially covered in molten
                  | scales. (AC +2) [demonic ancestry]
  1108 | D:2      | Reached XP level 3. HP: 29/29 MP: 3/3
  1353 | D:2      | Found a hide-covered altar of Uskayaw.
  1375 | D:2      | Reached XP level 4. HP: 37/37 MP: 4/4
  1574 | D:2      | Noticed Natasha
  1581 | D:2      | Killed Natasha
  1891 | D:2      | Noticed Natasha
  1899 | D:2      | Killed Natasha
  1900 | D:2      | Reached skill level 4 in Fighting
  1909 | D:3      | Noticed Grinder
  1969 | D:2      | Noticed Natasha
  1974 | D:2      | Killed Natasha
  1975 | D:2      | Reached XP level 5. HP: 38/42 MP: 5/5
  2399 | D:3      | Reached XP level 6. HP: 34/49 MP: 6/6
  2691 | D:3      | Noticed Terence
  2698 | D:3      | Killed Terence
  2881 | D:3      | Killed Grinder
  2882 | D:3      | Reached skill level 5 in Fighting
  3205 | D:3      | Gained mutation: You are partially covered in sharp spines.
                  | [demonic ancestry]
  3205 | D:3      | Reached XP level 7. HP: 56/56 MP: 7/7
  3305 | D:4      | Found Myvien's Armour Boutique.
  3501 | D:4      | Found a transporter.
  3539 | D:4      | Noticed Robin
  3545 | D:4      | Killed Robin
  3546 | D:4      | Reached skill level 5 in Dodging
  3548 | D:4      | Reached skill level 5 in Maces & Flails
  3587 | D:4      | Found a glowing drain.
  3656 | Sewer    | Entered a sewer
  4029 | D:4      | Gained mutation: You are clumsy. (Dex -2) [potion of
                  | mutation]
  4029 | D:4      | Gained mutation: Your system is resistant to poisons.
                  | (rPois) [potion of mutation]
  4030 | D:4      | Lost mutation: You are clumsy. (Dex -2) [potion of
                  | mutation]
  4030 | D:4      | Lost mutation: Your system is resistant to poisons. (rPois)
                  | [potion of mutation]
  4030 | D:4      | Gained mutation: You passively dampen the noise of your
                  | surroundings. [potion of mutation]
  4030 | D:4      | Gained mutation: You are robust. (+10% HP) [potion of
                  | mutation]
  4030 | D:4      | Gained mutation: You possess an exceptional clarity of
                  | mind. [potion of mutation]
  4250 | D:4      | Reached skill level 6 in Fighting
  4410 | D:4      | Gained mutation: You are mostly covered in sharp spines.
                  | [demonic ancestry]
  4410 | D:4      | Reached XP level 8. HP: 49/70 MP: 8/8
  4500 | D:4      | Found a transporter.
  4905 | D:4      | Found a shimmering blue altar of Sif Muna.
  5021 | D:4      | HP: 1/70 [orc warrior zombie/+0 long sword of venom (8)]
  5255 | D:5      | Entered Level 5 of the Dungeon
  5764 | D:5      | Found a stormy altar of Qazlal.
  5865 | D:5      | Reached skill level 7 in Fighting
  6094 | D:6      | Noticed Menkaure
  6104 | D:6      | Killed Menkaure
  6107 | D:6      | Reached skill level 1 in Ranged Weapons
  6302 | D:6      | Gained mutation: You are mostly covered in molten scales.
                  | (AC +3) [demonic ancestry]
  6302 | D:6      | Reached XP level 9. HP: 79/79 MP: 9/9
  6327 | D:6      | Found a burning altar of Makhleb.
  6330 | D:6      | Became a worshipper of Makhleb the Destroyer
  6330 | D:6      | Reached * piety under Makhleb
  6330 | D:6      | Reached ** piety under Makhleb
  6964 | D:4      | Bought the +3 robe of Clouds {*Thunder rCloud rElec} for
                  | 297 gold pieces
  6964 | D:4      | Found the +3 robe of Clouds {*Thunder rCloud rElec}
  7285 | D:7      | Found a staircase to the Ecumenical Temple.
  7648 | D:8      | Reached skill level 8 in Fighting
  7706 | D:8      | Found a sacrificial altar of Ru.
  7707 | D:8      | Found an opulent altar of Gozag.
  7708 | D:8      | Found a shadowy altar of Dithmenos.
  7708 | D:8      | Found an iron altar of Okawaru.
  7718 | D:8      | Reached *** piety under Makhleb
  7720 | D:8      | Found a shimmering altar of Xom.
  7721 | D:8      | Found a hide-covered altar of Uskayaw.
  7904 | D:8      | Gained mutation: You are completely covered in molten
                  | scales. (AC +4, rF+) [demonic ancestry]
  7904 | D:8      | Reached XP level 10. HP: 72/90 MP: 10/10
  8030 | D:8      | Noticed a cyan ugly thing
  8038 | D:8      | Killed a cyan ugly thing
  8331 | D:8      | Found a large runed translucent door.
  8331 | D:8      | Found a large runed translucent door.
  8335 | D:8      | Noticed vineage's ghost (novice GrFi)
  8585 | D:9      | Noticed Maurice
  8594 | D:9      | Killed Maurice
  8633 | D:9      | Noticed a two-headed ogre
  8640 | D:9      | Killed a two-headed ogre
  8641 | D:9      | Reached skill level 9 in Fighting
  8752 | D:9      | Reached skill level 5 in Ranged Weapons
  8940 | D:9      | Reached **** piety under Makhleb
  8979 | D:9      | Noticed Gastronok
  8989 | D:9      | Killed Gastronok
  9414 | D:9      | Gained mutation: You have hoof-like feet. [demonic
                  | ancestry]
  9414 | D:9      | Reached XP level 11. HP: 54/99 MP: 11/11
  9737 | D:10     | Entered Level 10 of the Dungeon
  9737 | D:10     | Noticed Harold
  9747 | D:9      | Killed Harold
  9820 | D:10     | Found a large runed translucent door.
  9820 | D:10     | Found a large runed translucent door.
  9905 | D:10     | Reached skill level 10 in Fighting
 10204 | D:10     | Noticed Urug
 10207 | D:10     | Killed Urug
 10267 | D:10     | Noticed Fannar
 10328 | D:10     | Killed Fannar
 10550 | D:10     | Found a sparkling altar of Nemelex Xobeh.
 10602 | D:11     | Noticed a two-headed ogre
 10718 | D:11     | Found a staircase to the Lair.
 10876 | D:11     | Killed a two-headed ogre
 11004 | D:11     | Noticed a boulder beetle
 11016 | D:11     | Killed a boulder beetle
 11228 | D:11     | Noticed a two-headed ogre
 11234 | D:11     | Killed a two-headed ogre
 11235 | D:11     | Reached skill level 10 in Dodging
 11353 | D:11     | Noticed a two-headed ogre
 11353 | D:11     | You fall into a shaft and drop 3 floors!
 11379 | D:14     | Reached skill level 10 in Maces & Flails
 11379 | D:14     | Gained mutation: You are completely covered in sharp
                  | spines. [demonic ancestry]
 11379 | D:14     | Reached XP level 12. HP: 104/108 MP: 12/12
 11460 | D:13     | Noticed a catoblepas
 11466 | D:13     | Killed a catoblepas
 11467 | D:13     | Reached skill level 11 in Fighting
 11581 | D:12     | Reached ***** piety under Makhleb
 11582 | D:12     | Found a staircase to the Orcish Mines.
 12330 | D:12     | Noticed a boulder beetle
 12343 | D:12     | Killed a boulder beetle
 12614 | D:11     | Found an ancient bone altar of Kikubaaqudgha.
 12620 | D:11     | Killed a two-headed ogre
 13300 | D:13     | Noticed a six-headed hydra
 13301 | D:13     | Noticed a boulder beetle
 13306 | D:13     | Killed a six-headed hydra
 13322 | D:13     | Killed a boulder beetle
 13323 | D:13     | Reached skill level 12 in Fighting
 13436 | D:13     | Identified the +1 leather armour of Dyspraxia {rF+ Will-
                  | Stlth+}
 13712 | D:14     | Noticed a vault guard
 13714 | D:14     | Noticed a tengu warrior
 13718 | D:14     | Killed a tengu warrior
 14012 | D:14     | Noticed a tengu warrior
 14014 | D:14     | Noticed a tengu warrior
 14017 | D:14     | Gained mutation: You may rarely emit foul miasma when
                  | damaged in melee. [demonic ancestry]
 14017 | D:14     | Reached XP level 13. HP: 73/118 MP: 13/13
 14721 | D:14     | HP: 5/118 [acid dragon (3)]
 15370 | Lair:1   | Entered Level 1 of the Lair of Beasts
 15381 | Lair:1   | Found a gate leading to a gauntlet.
 15395 | Gauntlet | Entered a Gauntlet
 15395 | Gauntlet | Found a transporter.
 15395 | Gauntlet | Found a transporter.
 15401 | Gauntlet | Found a transporter.
 15414 | Gauntlet | Found a transporter.
 15428 | Gauntlet | Found a transporter.
 15431 | Gauntlet | Found a transporter.
 15433 | Gauntlet | Found a transporter.
 15433 | Gauntlet | Found a transporter.
 15434 | Gauntlet | Found a transporter.
 15448 | Gauntlet | Found a transporter.
 15463 | Gauntlet | Found a transporter.
 15471 | Gauntlet | Found a runed translucent door.
 15473 | Gauntlet | Found a transporter.
 15475 | Gauntlet | Found a runed translucent door.
 15487 | Gauntlet | Found a transporter.
 15507 | Gauntlet | Found a transporter.
 15716 | Gauntlet | Identified the amulet of Red Wine {Faith rElec rPois Dex+3}
 15828 | Gauntlet | Got the Cyclopedia of the Battered Lives
 15831 | Gauntlet | Identified the ring of Udal {+Blink rC+ Will- Str+6 Slay+2}
 15839 | Gauntlet | Noticed a minotaur
 15847 | Gauntlet | Killed a minotaur
 15929 | Gauntlet | Identified the ring of Soqijac {Wiz rC+ rN+}
 16137 | Lair:1   | Identified the +1 robe "Wuuxopuz" {rN+ Dex+4 Stlth-}
 16324 | Lair:1   | Noticed Sonja
 16339 | Lair:1   | Killed Sonja
 17273 | Lair:2   | Reached skill level 10 in Ranged Weapons
 17288 | Lair:2   | Found a staircase to the Swamp.
 17388 | Lair:2   | Reached skill level 13 in Fighting
 17597 | Lair:2   | Reached ****** piety under Makhleb
 17608 | Lair:2   | Found a staircase to the Snake Pit.
 18012 | Lair:3   | Found a runed translucent gate.
 18012 | Lair:3   | Found a runed translucent gate.
 18013 | Lair:3   | Found a runed translucent gate.
 18015 | Lair:3   | Noticed Pyga's ghost (journeyman DrCj)
 18314 | Lair:3   | Gained mutation: Your presence sometimes corrodes those you
                  | injure. [demonic ancestry]
 18314 | Lair:3   | Reached XP level 14. HP: 117/129 MP: 14/14
 18755 | Lair:3   | Killed Pyga's ghost
 19917 | Lair:5   | Entered Level 5 of the Lair of Beasts
 20086 | Lair:5   | Noticed Nessos
 20089 | Lair:5   | Reached skill level 14 in Fighting
 20101 | Lair:5   | Killed Nessos
 20409 | Lair:5   | Found a large runed translucent door.
 20413 | Lair:5   | Found a large runed translucent door.
 20627 | Lair:5   | Found a staircase to the Slime Pits.
 20627 | Lair:5   | Found a viscous altar of Jiyva.
 20811 | Lair:5   | Noticed Josephine
 20817 | Lair:5   | Killed Josephine
 20818 | Lair:5   | Reached XP level 15. HP: 123/136 MP: 15/15
 21095 | Lair:5   | Reached skill level 1 in Invocations
 21307 | Swamp:1  | Entered Level 1 of the Swamp
 21900 | Swamp:1  | Reached skill level 5 in Invocations
 21917 | Swamp:1  | Identified the +2 pair of boots of the Trombone {rElec rF+
                  | rN+}
 23367 | Swamp:2  | Noticed a tentacled monstrosity
 23374 | Swamp:2  | Killed a tentacled monstrosity
 23767 | Swamp:2  | Found a runed translucent door.
 23771 | Swamp:2  | Reached skill level 15 in Fighting
 23779 | Swamp:2  | Noticed steamdo11's ghost (journeyman FeSu)
 23779 | Swamp:2  | Noticed a tentacled monstrosity
 24377 | Swamp:3  | Noticed Mara
 24385 | Swamp:3  | Noticed senseless's illusion
 24389 | Swamp:3  | HP: 2/118 [Mara (illusionary)/+5 demon blade of draining
                  | (7)]
 24389 | Swamp:3  | Killed from afar by Mara (illusionary)

Illustrated notes

Levels and vault maps discovered:
D:1:      dpeg_arrival_three_same_balls, layout_basic
D:2:      layout_loops_ring, basic_altar, uniq_natasha
D:3:      layout_basic, minmay_crystal_water, uniq_grinder, uniq_terence
D:4:      gammafunk_cloud_chamber, layout_basic, lemuel_blue_sif_altar,
          portal_sewer_entry_c, nicolae_stop_n_shop_1, uniq_robin
D:5:      layout_gridville, mainiacjoe_overflow_alcove_1,
          hangedman_abyss_or_decor_passed
D:6:      layout_cave_pools, kennysheep_mini, st_stairs_12, uniq_menkaure
D:7:      layout_rooms, minmay_temple_entry_gardened_gates, minivault_11,
          item_on_display_a
D:8:      layout_loops_ring, grunt_temple_overflow_open,
          ebering_ghost_disaster_area
D:9:      layout_roguey, uniq_maurice, uniq_gastronok
D:10:     layout_rooms, jmf_multi_god_temple2, nicolae_tso_carved_into_rock,
          uniq_urug, uniq_fannar, uniq_harold
D:11:     nicolae_hitomezashi [nicolae_hito_row, nicolae_hito_row,
          nicolae_hito_row, nicolae_hito_row, nicolae_hito_row,
          nicolae_hito_row, nicolae_hito_row, nicolae_hito_row,
          nicolae_hito_row, nicolae_hito_row, nicolae_hito_row,
          nicolae_hito_row, nicolae_hito_row, nicolae_hito_row,
          nicolae_hito_row, nicolae_hito_row, nicolae_hito_row,
          nicolae_hito_row], layout_irregular_city, lair_entry_dummy,
          kiku_gazebo_pond_becter
D:12:     layout_cave_pods, zombieorc2_lemuel
D:13:     layout_roguey
D:14:     layout_basic, grunt_vaults_entry_fortified,
          nicolae_kite_square_tiling_tiny
Lair:1:   layout_concentric_octagons, gauntlet_entry_generic, uniq_sonja
Lair:2:   layout_cave_pods, nicolae_swamp_entry_splash_gauntlet,
          nicolae_snake_entry_squirm
Lair:3:   layout_loops_ring, gammafunk_ghost_necromancy,
          cheibrodos_lair_caveside_slide
Lair:4:   beast_lair_carwin_large_1, layout_small_grid, lemuel_fruit_fields
Lair:5:   cheibrodos_lair_end_hotspot, layout_hall_layers, slime_entry_1,
          uniq_nessos, uniq_josephine
Swamp:1:  layout_basic_swamp, evilmike_swamp_ruin_house_5
Swamp:2:  layout_basic_swamp, ebering_ghost_inner_flame, hangedman_swamp_pad
Swamp:3:  layout_basic_swamp, serial_swamp_ruin, evilmike_swamp_ruin_house_2,
          evilmike_swamp_ruin_rubble_2, evilmike_swamp_ruin_wall, uniq_mara

Skill      XL: |  1  2  3  4  5  6  7  8  9 10 11 12 13 14 15 |
---------------+----------------------------------------------+-----
Maces & Flails | 3 4 5 6 7 8 10 11 12 13 | 13.9
Dodging        | 3 4 5 6 7 8 10 11 12 13 | 13.9
Fighting       | 4 5 6 7 8 9 10 12 13 14 15 | 15.1
Ranged Weapons | 1 3 5 7 8 10 11 | 11.5
Invocations    | 9 |  9.1
Stealth        | |  1.7

Action                     |  1- 3 |  4- 6 |  7- 9 | 10-12 | 13-15 || total
---------------------------+-------+-------+-------+-------+-------++-------
  Melee: Whip              |    26 |    77 |    84 |       |       ||   187
         Kick              |     8 |    23 |    60 |    77 |   161 ||   329
         Flail             |       |       |   106 |   200 |   381 ||   687
   Fire: Sling             |    51 |    71 |   158 |   196 |   489 ||   965
    Use: Scroll            |       |     6 |    18 |     8 |     7 ||    39
         Potion            |       |       |     4 |       |     3 ||     7
   Stab: Sleeping          |       |       |     1 |       |       ||     1
 Armour: Robe              |     5 |    21 |    56 |    77 |   211 ||   370
  Dodge: Dodged            |    19 |    54 |   153 |   223 |   657 ||  1106
         Repelled          |       |       |       |       |     9 ||     9

Table legend: (Time is in decaauts)
 A = Elapsed time spent in this place.
 B = Non-inter-level travel time spent in this place.
 C = Inter-level travel time spent in this place.
 D = Time resting spent in this place.
 E = Time spent auto-exploring this place.
 F = Levels seen in this place.
 G = Mean time per level.
                   A        B        C        D        E       F      G
               +--------+--------+--------+--------+--------+-----+--------+
         Total |  24966 |  23272 |   1694 |   2738 |  16156 |  24 | 1040.2 |
       Dungeon |  15291 |  14069 |   1222 |   1581 |  10027 |  14 | 1092.2 |
          Lair |   5751 |   5415 |    336 |    347 |   4029 |   5 | 1150.2 |
         Swamp |   2961 |   2825 |    136 |    654 |   1591 |   3 |  987.0 |
         Sewer |    416 |    416 |      0 |      0 |    309 |   1 |  416.0 |
      Gauntlet |    546 |    546 |      0 |    156 |    199 |   1 |  546.0 |
               +--------+--------+--------+--------+--------+-----+--------+

Top non-repeatable levels by time:
     D:4: 1683 daAuts
 Swamp:2: 1441 daAuts
  Lair:2: 1390 daAuts
 Swamp:1: 1367 daAuts
     D:9: 1351 daAuts
     D:3: 1322 daAuts
    D:14: 1235 daAuts
  Lair:5: 1221 daAuts
    D:12: 1217 daAuts
    D:11: 1179 daAuts
  Lair:3: 1126 daAuts
    D:13: 1110 daAuts
     D:1: 1066 daAuts
  Lair:4: 1062 daAuts
     D:2: 954 daAuts
